 Dungeon Crawl Stone Soup version 0.26-a0-1080-g4c0aae810e (webtiles) character file.

Game seed: 4689728466799258362

23 polelong the Chiller (level 2, 0/15 HPs)
             Began as a Gargoyle Ice Elementalist on Dec 15, 2020.
             Slain by a worm (5 damage)
             ... on level 2 of the Dungeon.
             The game lasted 00:05:32 (923 turns).

polelong the Chiller (Gargoyle Ice Elementalist)     Turns: 923, Time: 00:05:33

Health: 0/15       AC:  6    Str: 11    XL:     2   Next: 95%
Magic:  1/5        EV: 12    Int: 15    God:
Gold:   65         SH:  0    Dex: 10    Spells: 4/5 levels left

rFire    . . .     SeeInvis .   (no weapon)
rCold    . . .     Faith    .   (no shield)
rNeg     + . .     Spirit   .   a - +1 robe
rPois    ∞         Reflect  .   (no helmet)
rElec    +         Harm     .   k - scarf {+Inv}
rCorr    .         Rampage  .   c - +0 pair of gloves
Will     .....                  (no boots)
Stlth    ++........             (no amulet)
HPRegen  0.05/turn              (no ring)
MPRegen  0.09/turn              (no ring)

@: brilliant
A: negative energy resistance 1, electricity resistance, unbreathing,
petrification resistance, miasma immunity, AC +2
a: Evoke Invisibility


You were on level 2 of the Dungeon.
You visited 1 branch of the dungeon, and saw 2 of its levels.

You collected 65 gold pieces.

Inventory:

Hand Weapons
 g - a +0 spear
Armour
 a - a +1 robe (worn)
 c - a +0 pair of gloves (worn)
 h - a +0 ring mail
 k - a scarf of invisibility (worn)


   Skills:
 + Level 1.6 Dodging
 + Level 2.2 Stealth
 + Level 2.3 Spellcasting
 + Level 4.5 Ice Magic


You had 4 spell levels left.
You knew the following spells:

 Your Spells              Type           Power        Failure   Level
a - Freeze                Ice            ###.         3%          1

Your spell library contained the following spells:

 Spells                   Type           Power        Failure   Level
 Frozen Ramparts          Ice            ###...       10%         3
 Ozocubu's Armour         Ice            ###.....     10%         3
 Hailstorm                Conj/Ice       ##......     63%         4
 Summon Ice Beast         Ice/Summ       ##......     63%         4


Dungeon Overview and Level Annotations

Branches:
Dungeon (2/15)

Altars:


Innate Abilities, Weirdness & Mutations

You are resistant to torment.
Your stone body is resilient. (AC +2)
You are immune to poison.
You resist negative energy. (rN+)
You are resistant to electric shocks. (rElec)
You can survive without breathing.
You are immune to petrification.
You are immune to miasma.


Message History

The worm is severely wounded.
The worm bites you.
* * * LOW HITPOINT WARNING * * *
A worm is nearby!
Casting: Freeze (safe; 3% risk of failure)
Confirm with . or Enter, or press ? or * to list all spells.
Aiming: Freeze (safe; 3% risk of failure)
Press: ? - help, Shift-Dir - straight line, f/p - worm
Aim: a worm You feel a surge of power!
You freeze the worm!
The worm is heavily wounded.
Casting: Freeze (safe; 3% risk of failure)
Confirm with . or Enter, or press ? or * to list all spells.
Aiming: Freeze (safe; 3% risk of failure)
Press: ? - help, Shift-Dir - straight line, f/p - worm
Aim: a worm (heavily wounded)
You feel a surge of power!
You freeze the worm!
The worm is almost dead.
The worm bites you.
You die...

########***,,,,,#.#####...,,,*
#......# *⌠,,,⌠#.# *,**,*,**
#......##########.#####...,,,<,
#......†....w.............,,,,,
#......###.######..#######*,,**
#......# #.#.).....# *,*,,
#......###w#......## *,*,,
#.?....##..#..w...# *,*,,
#.......w..#..@...# *,***
#..........#......# *,***
#..........#......# *^,,,
############.....># *****
########


You could see a worm.

Vanquished Creatures
  An adder (D:2)
  2 bats (D:1)
  3 goblins (D:1)
  2 hobgoblins
  2 kobolds (D:1)
  2 rats (D:1)
12 creatures vanquished.

Notes
Turn   | Place    | Note
-------+----------+-------------------------------------------
     0 | D:1      | polelong the Gargoyle Ice Elementalist began the quest for
                  | the Orb.
     0 | D:1      | Reached XP level 1. HP: 10/10 MP: 3/3
   371 | D:1      | Reached XP level 2. HP: 15/15 MP: 3/5
   923 | D:2      | Slain by a worm

Illustrated notes

Levels and vault maps discovered:
D:1:      minmay_arrival_shoal_huts, layout_basic
D:2:      lemuel_upstairs_altar, layout_rooms, kennysheep_decorative_pillar,
          corner_web_ring

Action                   || total
-------------------------++-------
Melee: Unarmed           ||    14
 Cast: Freeze            ||    23
  Use: Scroll            ||     5
       Potion            ||     2
Armor: Robe              ||     3
Dodge: Dodged            ||    17

Table legend: (Time is in decaauts)
 A = Elapsed time spent in this place.
 B = Non-inter-level travel time spent in this place.
 C = Inter-level travel time spent in this place.
 D = Time resting spent in this place.
 E = Time spent auto-exploring this place.
 F = Levels seen in this place.
 G = Mean time per level.
                   A        B        C        D        E       F      G
               +--------+--------+--------+--------+--------+-----+--------+
         Total |    923 |    880 |     43 |      0 |    697 |   2 |  461.5 |
       Dungeon |    923 |    880 |     43 |      0 |    697 |   2 |  461.5 |
               +--------+--------+--------+--------+--------+-----+--------+

Top non-repeatable levels by time:
     D:1: 767 daAuts
     D:2: 155 daAuts
